 Dungeon Crawl Stone Soup version 0.28.0-53-g5a82cb258f (webtiles) character file.

Game seed: 2048187837207978862

247 Gabide the Skirmisher (level 6, -1/49 HPs)
             Began as a Human Monk on June 2, 2022.
             Succumbed to a water moccasin's poison
             ... on level 5 of the Dungeon.
             The game lasted 00:08:36 (5077 turns).

Gabide the Skirmisher (Human Monk)                  Turns: 5077, Time: 00:08:37

Health: -1/49      AC:  6    Str: 12    XL:     6   Next: 34%
Magic:  6/6        EV: 12    Int: 10    God:
Gold:   24         SH:  0    Dex: 17    Spells: 5/5 levels left

rFire   . . .      SeeInvis .   a - +1 spear
rCold   . . .      Faith    .   (no shield)
rNeg    . . .      Spirit   .   d - +0 ring mail
rPois   .          Reflect  .   h - +0 helmet
rElec   .          Harm     .   (no cloak)
rCorr   .          Rampage  .   (no gloves)
Will    .....                   (no boots)
Stlth   +.........              (no amulet)
HPRegen 0.16/turn               (no ring)
MPRegen 0.10/turn               (no ring)

@: lethally poisoned (-1 -> -23)
A: no striking features
a: no special abilities


You were on level 5 of the Dungeon.
You visited 1 branch of the dungeon, and saw 5 of its levels.

You collected 160 gold pieces.
You spent 136 gold pieces at shops.

Inventory:

Hand Weapons
 a - a +1 spear (weapon)
Missiles
 j - 5 boomerangs (quivered)
Armour
 d - a +0 ring mail (worn)
 h - a +0 helmet (worn)
 m - +0 fire dragon scales
Scrolls
 c - 4 scrolls of teleportation
 f - a scroll of noise
 l - a scroll of torment {unknown}
Potions
 b - 2 potions of brilliance


   Skills:
 + Level 4.5 Fighting
 + Level 4.5 Polearms
 + Level 4.4 Dodging
 - Level 2.0 Stealth


You had 5 spell levels left.
You didn't know any spells.
Your spell library contained the following spells:

 Spells                   Type           Power      Damage    Failure   Level
 Shock                    Conj/Air       0%         1d3       65%         1
 Sting                    Tmut/Pois      0%         1d3       65%         1
 Poisonous Vapours        Pois/Air       0%         N/A       78%         2
 Swiftness                Air            0%         N/A       95%         3
 Airstrike                Air            0%         N/A       100%        4
 Olgreb's Toxic Radiance  Pois           0%         N/A       100%        4


Dungeon Overview and Level Annotations

Branches:
Dungeon (5/15)
 Temple: D:4-7

Altars:
Nemelex Xobeh
Ru

Shops:
D:4 *![(

Annotations:
D:4 Sigmund


Message History

The water moccasin bites you.
You are poisoned.
The water moccasin poisons you! The water moccasin closely misses you.
As you read the scroll labelled VIREME SAYL, it crumbles to dust.
You hear a loud clanging noise!
It was a scroll of noise.
You feel very sick.
You hear a shout!
You hear an angry hiss.
You hear a shout!
The water moccasin completely misses you.
You hit the water moccasin.
The water moccasin is severely wounded.
You feel sick.
The water moccasin bites you but does no damage.
You hit the water moccasin but do no damage.
Your punch misses the water moccasin.
The water moccasin is severely wounded.
You feel sick. The water moccasin bites you. x2
You miss the water moccasin.
The water moccasin is severely wounded.
You feel sick. The water moccasin barely misses you.
You hit the water moccasin.
The water moccasin is almost dead.
You feel sick. The water moccasin closely misses you.
You feel better. The water moccasin bites you! The water moccasin bites you.
* * * LOW HITPOINT WARNING * * *
You are poisoned.
The water moccasin poisons you!
You closely miss the water moccasin.
The water moccasin is almost dead.
* * * LOW HITPOINT WARNING * * *
You feel very sick. The water moccasin bites you!
* * * LOW HITPOINT WARNING * * *
You are more poisoned.
The water moccasin poisons you!
Okay, then.
As you read the scroll labelled SICZEE HETU, it crumbles to dust.
You assume a fearsome visage.
The water moccasin looks frightened!
The centaur zombie is unaffected.
It was a scroll of fear.
You die...

#.......#
###.##..# ...#
#..##.## ...#
#####.# #...# #
#.# #...# .# #รท#
#...# #.# #.##
##...#... #..#
#....#.# #..#
#@#....# #####..#
#S#..#
#......#+#Z..?#
....####...(.##S#
## ##...## .#
#.### .# .... S#
......# ..
...###.. #.


You could see a water moccasin (fleeing) and a centaur zombie.

Vanquished Creatures
  An iguana (D:5)
  3 gnolls (D:4)
  10 adders
  2 worms
  A dart slug (D:1)
  9 orcs (D:3)
  5 bats
  5 endoplasms
  6 giant cockroaches
  10 goblins
  6 hobgoblins
  4 jackals (D:4)
  8 kobolds
  2 quokkas
  5 ball pythons
  A frilled lizard (D:3)
  2 rats (D:2)
80 creatures vanquished.

Notes
Turn   | Place    | Note
-------+----------+-------------------------------------------
     0 | D:1      | Gabide the Human Monk began the quest for the Orb.
     0 | D:1      | Reached XP level 1. HP: 18/18 MP: 1/1
   149 | D:1      | Reached XP level 2. HP: 22/24 MP: 2/2
   459 | D:1      | Reached XP level 3. HP: 21/29 MP: 3/3
   786 | D:2      | Found a sacrificial altar of Ru.
  1735 | D:2      | Reached XP level 4. HP: 34/36 MP: 4/4
  2201 | D:3      | Found a faded altar of an unknown god.
  2929 | D:3      | Found a sparkling altar of Nemelex Xobeh.
  3072 | D:3      | Reached XP level 5. HP: 29/42 MP: 5/5
  3836 | D:4      | Found Qosis's General Store.
  3914 | D:4      | Found Enkaeluo's Armour Boutique.
  3923 | D:4      | Bought a +0 helmet for 45 gold pieces
  3941 | D:4      | Found Jop Efim's Distillery.
  3944 | D:4      | Bought a potion of might for 52 gold pieces
  3944 | D:4      | Bought a potion of curing for 39 gold pieces
  4517 | D:4      | Noticed Sigmund
  4517 | D:4      | Noticed a water moccasin
  4560 | D:4      | Found Esaenwuts's Weapon Emporium.
  4641 | D:4      | Reached XP level 6. HP: 45/49 MP: 6/6
  4751 | D:5      | Entered Level 5 of the Dungeon
  5047 | D:5      | Noticed a water moccasin
  5077 | D:5      | Succumbed to a water moccasin's poison

Illustrated notes

Levels and vault maps discovered:
D:1:      doesnt_arrival_eight_statues, layout_basic
D:2:      layout_basic, basic_altar, corexii_corridor_pit
D:3:      layout_loops_ring, lemuel_round_altar, nicolae_ecumenical_pavilion
D:4:      layout_loops_ring, gup_sewer_entry_glass, serial_shops,
          nicolae_shop_behind_doors, nicolae_square_shop, nicolae_diamond_shop,
          nicolae_stop_n_shop_2, nicolae_shop_window_shopping, uniq_sigmund
D:5:      layout_loops_ring, nicolae_kikubaaqudgha_miasma_corner,
          mainiacjoe_overflow_surrounded_room, ebering_ghost_reflecting_pool,
          kennysheep_cross_bottleneck, uniq_crazy_yiuf_cottage, uniq_grinder,
          uniq_pikel

Skill      XL: |  1  2  3  4  5 |
---------------+----------------+-----
Fighting       | 4 |  4.5
Polearms       | 4 |  4.5
Dodging        | 4 |  4.4
Stealth        | |  2.0

Action                   |  1- 3 |  4- 6 || total
-------------------------+-------+-------++-------
Melee: Spear             |   112 |   273 ||   385
       Punch             |     3 |     3 ||     6
Throw: Stone             |     8 |       ||     8
       Dart              |       |     9 ||     9
  Use: Potion            |     2 |     3 ||     5
       Scroll            |     1 |     6 ||     7
 Stab: Sleeping          |     3 |     6 ||     9
       Invisible         |       |     4 ||     4
Armor: Robe              |     5 |       ||     5
       Leather armour    |     1 |     9 ||    10
       Ring mail         |       |    49 ||    49
Dodge: Dodged            |    44 |   136 ||   180
